cohdb
Replays
Latest Replays
All Replays
Popular Replays
Top Player Replays
Match Explorer
How It Works
Community
CoH3 Stats
Reddit
Sign in to upload your games and track your stats! →
Sign in with Steam
Match 43673045
Unlisted
Match 43673045
Overview
Messages
Build Orders
End
Scout Squad
Construct Barracks
Selects Heavy Weapons
1⁄4-ton 4x4 Truck
Riflemen Squad
Riflemen Squad
Infantry Support Center
Engineer Squad
Construct Weapon Support Center
M3 Armored Personnel Carrier
Selects Assault Carriers
Selects Exchangeable Parts
Construct Medical Station
Riflemen Squad
M1918 Browning Automatic Rifles
Bazooka Squad
M1919 Machine Gun Team
Selects M2HB .50cal Heavy Machine Gun
M1 Mortar Team
M3 Assault Carrier
Engineer Squad
Engineer Squad
Construct Tank Depot
M4A1 Sherman Medium Tank
[14e]tuveuxdugateaux
Jopjahh
0
0
Comments
sign in to comment!
No comments posted yet!